Workbook
Name \0: #REF!
Name \00: #REF!
Name \a: #REF!
Name \a: #REF!
Name \AA: [1]LIQUIDACION!#REF!
Name \b: '[2]CUAD-DIURNA'!#REF!
Name \b: [3]STRSUMM0!#REF!
Name \bb: [3]STRSUMM0!#REF!
Name \c: #REF!
Name \E: #REF!
Name \EE: #REF!
Name \G: #REF!
Name \k: '[4]7422CW00'!#REF!
Name \L: #REF!
Name \l: [5]STRSUMM0!#REF!
Name \M: #REF!
Name \ñ: '[6]7422CW00'!#REF!
Name \P: #REF!
Name \q: #REF!
Name \R: #REF!
Name \s: #REF!
Name \s: #REF!
Name \V: #REF!
Name \w: #N/A
Name \X: AIU!err
Name \X: 'APU 1'!ERR
Name \X: [0]!ERR
Name \Z: AIU!err
Name \Z: 'APU 1'!ERR
Name \Z: [0]!ERR
Name _________________________________________________AFC1: [7]INV!$A$25:$D$28
Name _________________________________________________AFC3: [7]INV!$F$25:$I$28
Name _________________________________________________AFC5: [7]INV!$K$25:$N$28
Name _________________________________________________BGC1: [7]INV!$A$5:$D$8
Name _________________________________________________BGC3: [7]INV!$F$5:$I$8
Name _________________________________________________BGC5: [7]INV!$K$5:$N$8
Name _________________________________________________CAC1: [7]INV!$A$19:$D$22
Name _________________________________________________CAC3: [7]INV!$F$19:$I$22
Name _________________________________________________CAC5: [7]INV!$K$19:$N$22
Name _________________________________________________SBC1: [7]INV!$A$12:$D$15
Name _________________________________________________SBC3: [7]INV!$F$12:$I$15
Name _________________________________________________SBC5: [7]INV!$K$12:$N$15
Name ________________________________________________AFC1: [7]INV!$A$25:$D$28
Name ________________________________________________AFC3: [7]INV!$F$25:$I$28
Name ________________________________________________AFC5: [7]INV!$K$25:$N$28
Name ________________________________________________BGC1: [7]INV!$A$5:$D$8
Name ________________________________________________BGC3: [7]INV!$F$5:$I$8
Name ________________________________________________BGC5: [7]INV!$K$5:$N$8
Name ________________________________________________CAC1: [7]INV!$A$19:$D$22
Name ________________________________________________CAC3: [7]INV!$F$19:$I$22
Name ________________________________________________CAC5: [7]INV!$K$19:$N$22
Name ________________________________________________SBC1: [7]INV!$A$12:$D$15
Name ________________________________________________SBC3: [7]INV!$F$12:$I$15
Name ________________________________________________SBC5: [7]INV!$K$12:$N$15
Name _______________________________________________AFC1: [7]INV!$A$25:$D$28
Name _______________________________________________AFC3: [7]INV!$F$25:$I$28
Name _______________________________________________AFC5: [7]INV!$K$25:$N$28
Name _______________________________________________BGC1: [7]INV!$A$5:$D$8
Name _______________________________________________BGC3: [7]INV!$F$5:$I$8
Name _______________________________________________BGC5: [7]INV!$K$5:$N$8

Sheet PRESUPUESTO OFICIAL
A1: Formulario 1 - Propuesta económica - Documento tipo de selección abreviada de menor cuantía - versión 2
A2: FORMULARIO 1
A3: PRESUPUESTO OFICIAL
A4: [El presente formulario aplica para los procesos de contratación que tengan como forma de pago precios unitarios. Tratándose de otras modalidades de precio, la Entidad debe ajustarlo cuando corresponde a: precio global, llave en mano, administración delegada, reembolso de gastos o cualquier otra forma precio]
A6: Adicionalmente, cuando el proceso de contratación es estructurado por precios unitarios, la Entidad debe aplicar las notas 1, 2 y 3 del presente formulario y las casillas de "Descripción", "Porcentaje" de la Administración, Imprevisto, Utilidad y total A.I.U. resaltadas en colo amarillo. Tratándose de otras modalidades de precio, la Entidad puede o no configurar los mismos aspectos.
A7: CONSTRUCCIÓN DE ANDENES PEATONALES EN CONCRETO ESTAMPADO EN EL CASCO URBANO DEL MUNICIPIO DE SABANALARGA, DEPARTAMENTO DE CASANARE
A8: Nº | B8: ITEM DE PAGO | C8: ESPECIFICACIONES | E8: DESCRIPCION | F8: UND. | G8: CANTIDAD | H8: VALOR UNITARIO | I8: VALOR TOTAL
C9: GENERAL | D9: PARTICULAR
E10: 1- ANDEN CEMENTERIO
A11: 1. PRELIMINARES - DEMOLICIONES
A12: 1 | B12: 1.1 | C12: 5781 | E12: Demolicion andenes, sardineles y cunetas (Incluye: Retiro) | F12: M3 | G12: =+'MEMORIAS 1'!L19 -> 2.76 | H12: =+'APU 1'!M65 -> 290733 | I12: =G12*H12 -> 802423.08
A13: 2 | B13: 1.2 | C13: 7 | E13: Replanteo mano de obra "Arquitectonico" | F13: M2 | G13: =+'MEMORIAS 1'!L46 -> 150.4 | H13: =+'APU 1'!M156 -> 11082 | I13: =G13*H13 -> 1666732.8
A14: 3 | B14: 1.3 | C14: 5138 | E14: Excavacion manual en conglomerado | F14: M3 | G14: =+'MEMORIAS 1'!L77 -> 19.41 | H14: =+'APU 1'!M245 -> 131383 | I14: =G14*H14 -> 2550144
A15: 4 | B15: 1.4 | C15: 915 | E15: Relleno con base granular seleccionada o clasificada, compactada y transportada | F15: M3 | G15: =+'MEMORIAS 1'!L104 -> 38.4 | H15: =+'APU 1'!M334 -> 167634 | I15: =G15*H15 -> 6437145.6
A16: 5 | B16: 1.5 | C16: 6536-148 | E16: Nivelacion de cajas de valvulas para Red de acueducto | F16: UND | G16: =+'MEMORIAS 1'!L134 -> 1 | H16: =+'APU 1'!M424 -> 273720 | I16: =G16*H16 -> 273720
A17: Subtotal | I17: =ROUND(SUM(I12:I16),0) -> 11730166
A18: 2. URBANISMO
A19: 1 | B19: 2.1 | C19: 8143 | E19: Piso en concreto estampado, endurecido con color, desmoldante neutro y sellante dos capas, incluye placa base en concreto 3000 psi e=0.10 m reforzada con malla Q-7. | F19: M2 | G19: =+'MEMORIAS 1'!L164 -> 126 | H19: =+'APU 1'!M522 -> 285360 | I19: =G19*H19 -> 35955360
A20: 2 | B20: 2.2 | C20: 6084 | E20: Concreto de 3000 psi para reparación de pavimento y andén | F20: M3 | G20: =+'MEMORIAS 1'!L194 -> 2.03 | H20: =+'APU 1'!M609 -> 911479 | I20: =G20*H20 -> 1850302.4
A21: 3 | B21: 2.3 | C21: 7382 | E21: Loseta tactil alerta discapacitados para piso en loseta prefabricada color A-55 (40x40x6), incluye base 4 cm arena nivelacion y sello de arena | F21: ML | G21: =+'MEMORIAS 1'!L224 -> 14.9 | H21: =+'APU 1'!M701 -> 67474 | I21: =G21*H21 -> 1005362.6
A22: 4 | B22: 2.4 | C22: 8217 | E22: Bordillo 10x30 cm fundido en concreto de 3000 PSI | F22: ML | G22: =+'MEMORIAS 1'!L254 -> 32.26 | H22: =+'APU 1'!M790 -> 59542 | I22: =G22*H22 -> 1920824.9
A23: 5 | B23: 2.5 | C23: 7135 | E23: Pieza de remate A-105 para rampa (0,8*0,4*0,275) | F23: UND | G23: =+'MEMORIAS 1'!L327 -> 2 | H23: =+'APU 1'!M880 -> 90618 | I23: =G23*H23 -> 181236
A24: 6 | B24: 2.6 | C24: 6371 | E24: Banca M30 tipo IDU en concreto reforzado con espaldar en malla metálica IMT 20 | F24: UND | G24: =+'MEMORIAS 1'!L327 -> 2 | H24: =+'APU 1'!M966 -> 1453115 | I24: =G24*H24 -> 2906230
A25: Subtotal | I25: =ROUND(SUM(I19:I24),0) -> 43819316
E26: 3- ANDEN SECCION CALLE 4 ENTRE CRA 5 Y 6
A27: 3. PRELIMINARES - DEMOLICIONES
A28: 1 | B28: 3.1 | C28: 5781 | E28: Demolicion andenes, sardineles y cunetas (Incluye: Retiro) | F28: M3 | G28: =+'MEMORIAS 2'!L26 -> 2.52 | H28: =+'APU2'!M65 -> 290733 | I28: =G28*H28 -> 732647.16
A29: 2 | B29: 3.2 | C29: 7 | E29: Replanteo mano de obra "Arquitectonico" | F29: M2 | G29: =+'MEMORIAS 2'!L61 -> 53 | H29: =+'APU2'!M155 -> 11082 | I29: =G29*H29 -> 587346
A30: 3 | B30: 3.3 | C30: 915 | E30: Relleno con base granular seleccionada o clasificada, compactada y transportada | F30: M3 | G30: =+'MEMORIAS 2'!L96 -> 2.39 | H30: =+'APU2'!M241 -> 167634 | I30: =G30*H30 -> 400645.26
A31: 4 | B31: 3.4 | C31: 6536-148 | E31: Nivelacion de cajas de valvulas para Red de acueducto | F31: UND | G31: =+'MEMORIAS 2'!L132 -> 1 | H31: =+'APU2'!M326 -> 273720 | I31: =G31*H31 -> 273720
A32: Subtotal | I32: =ROUND(SUM(I28:I31),0) -> 1994358
A33: 4. URBANISMO
A34: 1 | B34: 4.1 | C34: 8143 | E34: Piso en concreto estampado, endurecido con color, desmoldante neutro y sellante dos capas, incluye placa base en concreto 3000 psi e=0.10 m reforzada con malla Q-7. | F34: M2 | G34: =+'MEMORIAS 2'!L167 -> 41 | H34: =+'APU2'!M414 -> 285360 | I34: =G34*H34 -> 11699760
A35: 2 | B35: 4.2 | C35: 7382 | E35: Loseta tactil alerta discapacitados para piso en loseta prefabricada color A-55 (40x40x6), incluye base 4 cm arena nivelacion y sello de arena | F35: ML | G35: =+'MEMORIAS 2'!L202 -> 1.2 | H35: =+'APU2'!M499 -> 67474 | I35: =G35*H35 -> 80968.8
A36: 3 | B36: 4.3 | C36: 7141 | E36: Loseta prefabricada gris A-50 (40x40x6), incluye base 4 cm arena nivelacion y sello de arena | F36: M2 | G36: =+'MEMORIAS 2'!L237 -> 4.96 | H36: =+'APU2'!M585 -> 157308 | I36: =G36*H36 -> 780247.68
A37: 4 | B37: 4.4 | C37: 8217 | E37: Bordillo 10x30 cm fundido en concreto de 3000 PSI | F37: ML | G37: =+'MEMORIAS 2'!L272 -> 8.78 | H37: =+'APU2'!M667 -> 59542 | I37: =G37*H37 -> 522778.76
A38: 5 | B38: 4.5 | C38: 7135 | E38: Pieza de remate A-105 para rampa (0,8*0,4*0,275) | F38: UND | G38: =+'MEMORIAS 1'!L327 -> 2 | H38: =+'APU2'!M757 -> 90618 | I38: =G38*H38 -> 181236
A39: 6 | B39: 4.6 | C39: 7432 | E39: Arbol acacia amarilla h=1,8 suministro y siembra | F39: UND | G39: =+'MEMORIAS 2'!$L$342 -> 2 | H39: =+'APU2'!M846 -> 166949 | I39: =G39*H39 -> 333898
A40: Subtotal | I40: =ROUND(SUM(I34:I39),0) -> 13598889
A41: TOTAL OBRAS | I41: =I17+I25+I32+I40 -> 71142729
A43: NOTA 1: Se debe tener en cuenta que el PRECIO UNITARIO incluye el valor de A.I.U. | F43: DESCRIPCION | I43: PORCENTAJE
A44: NOTA 2: Cuando la fracción decimal del peso sea igual o superior a 5 se aproximara por exceso al número entero siguiente del peso y cuando la fracción decimal del peso sea inferior a 5 se aproximará por defecto al número entero del peso. | F44: ADMINISTRACION | H44: A= | I44: 0.28
A45: NOTA 3: El A.I.U y su discriminación deben estar en porcentaje (%). | F45: IMPREVISTO | H45: I= | I45: 0.01
A46: NOTA 4: Presupuesto realizado bajo la resolución No. 084 de 2026 " Por la cual se actualiza y se fija el listado oficial de precios unitarios de referencia para contratacion de obras publicas en la gobernacion. | F46: UTILIDAD | H46: U= | I46: 0.05
A47: NOTA 5: [Determinar por la Entidad] | F47: TOTAL A.I.U | H47: A.I.U.= | I47: 0.34
A52: Elaboró: | F52: Revisó y Aprobó:
B54: FRANCISCO EFRAIN TUAY JARAMILLO | G54: MONICA YULIETH RODRIGUEZ TORRES
B55: Profesional de Apoyo S.P.O.P. | G55: Secretario de Planeacion y obras Publicas

Sheet AIU
D2: REPÚBLICA DE COLOMBIA
D3: DEPARTAMENTO DE CASANARE
D4: ALCALDÍA MUNICIPAL DE SABANALARGA
D5: ANEXO - ANALISIS DE AIU
D6: =+'PRESUPUESTO OFICIAL'!A7 -> CONSTRUCCIÓN DE ANDENES PEATONALES EN CONCRETO ESTAMPADO EN EL CASCO URBANO DEL MUNICIPIO DE SABANALARGA, DEPARTAMENTO DE CASANARE
C8: Valor estimado del costo directo | G8: =+G9/1.34 -> 53091589
C9: Valor estimado total presupuesto de obra | G9: =+'PRESUPUESTO OFICIAL'!I41 -> 71142729
C10: Plazo de ejecución estimado (mes) | G10: 1
B12: CAPITULO | C12: TIPO DE GASTO | F12: UND | G12: CANT | H12: DEDICACIÓN | I12: SALARIO MENSUAL | J12: FACTOR PRESTACIONAL | K12: TIEMPO | L12: VALOR PARCIAL | M12: TOTAL | N12: % sobre C.D.
B13: 1 | C13: GASTOS GENERALES | M13: =+L15 -> 2771332.4 | N13: =M13/G8 -> 0.052199086
B14: 1.1 | C14: PERSONAL | P14: salud | Q14: 0.085
C15: Residente de obra | F15: un | G15: 1 | H15: 1 | I15: 1750905 | J15: =+'[202]A.I.U.'!$M$20 -> 0.5828 | K15: =+G10 -> 1 | L15: =+G15*H15*I15*(1+J15)*K15 -> 2771332.4 | P15: pensión | Q15: 0.12
B16: 2 | C16: GASTOS INDIRECTOS | P16: cesantías | Q16: 0.0833
B17: 2.1 | C17: POLIZAS (% calculados sobre el valor total del contrato) | M17: =+ROUND(L19+L20+L18+L21+L22,0) -> 291685 | N17: =+M17/G8 -> 0.0054939964 | P17: i cesantías | Q17: 0.01
C18: Seriedad de la propuesta | F18: un | G18: 1 | H18: 0.0004 | L18: =+G9*H18 -> 28457.092 | P18: riesgos | Q18: 0.0696
C19: Cumplimiento | F19: un | G19: 1 | H19: 0.0002 | L19: =+G9*H19 -> 14228.546 | P19: parafiscales | Q19: 0.09
C20: Estabilidad y calidad de la obra | F20: un | G20: 1 | H20: 0.002 | L20: =+G9*H20 -> 142285.46 | P20: p servicios | Q20: 0.0833
C21: Responsabilidad civil extracontractual | F21: un | G21: 1 | H21: 0.0012 | L21: =+G9*H21 -> 85371.275
C22: Salarios y prestaciones sociales | F22: un | G22: 1 | H22: 0.0003 | L22: =+G9*H22 -> 21342.819 | Q22: =SUM(Q14:Q21) -> 0.5412
B23: 2.2 | C23: INSTALACIONES PROVISIONALES, TRANSPORTES Y GASTOS DE OFICINA | M23: =+ROUND(L25+L26+L24,0) -> 1150000 | N23: =+M23/$G$8 -> 0.021660682
C24: Gastos de papeleria e informes (empastes, copias, impresiones, planos, registro fotografico, videos) | F24: un | G24: 1 | H24: =I24/$G$9 -> 0.0035140626 | I24: 250000 | K24: =G10 -> 1 | L24: =+G24*I24*K24 -> 250000
C25: Gastos de Oficina (arriendos, servicios publicos, comunicaciones) | F25: un | G25: 1 | H25: =I25/$G$9 -> 0.0042168751 | I25: 300000 | K25: =+G10 -> 1 | L25: =+G25*I25*K25 -> 300000
C26: Sistema de Seguridad Industrial/Dotación | F26: un | G26: 1 | H26: =I26/$G$9 -> 0.0084337501 | I26: 600000 | K26: =G10 -> 1 | L26: =+I26*K26*G26 -> 600000
B27: 2.3 | C27: IMPUESTOS, TASAS Y CONTRIBUCIONES (% calculados sobre el valor del contrato) | M27: =+ROUND(L29+L30+L28+L31+L32+L33+L34+L35,0) -> 10589239 | N27: =+M27/$G$8 -> 0.19945229
C28: Estampilla para el fomento y estímulo a la cultura 1% sobre el valor total del contrato. | H28: 0.01 | L28: =+H28*$G$9 -> 711427.29
C29: Estampilla para el bienestar del adulto mayor 4,2% sobre el valor total del contrato. | H29: 0.042 | L29: =+H29*$G$9 -> 2987994.6
C30: Tasa pro deporte y recreación 1,5 % sobre el valor total del contrato. | H30: 0.015 | L30: =+H30*$G$9 -> 1067140.9
C31: Estampilla para la justicia familiar 2%, sobre el valor bruto del contrato, es decir, el valor de cada pago sin incluir el IVA. | H31: 0.02 | L31: =+H31*$G$9 -> 1422854.6
C32: Impuesto de seguridad 5 % sobre el valor total del contrato. | H32: 0.05 | L32: =+H32*$G$9 -> 3557136.5
C33: Industria y Comercio 10 x 1000 sobre el valor total del contrato. (Régimen de rentas del municipio de Sabanalarga) | H33: 0.01 | L33: =+H33*$G$9 -> 711427.29
C34: Avisos y tableros 15% del valor liquidado del impuesto de industria y comercio (Régimen de rentas del Municipio de Sabanalarga) | H34: 0.0015 | L34: =+L33*15% -> 106714.09
C35: Estampilla Bomberil 3% de la sumatoria de lo liquidado de industria y comercio y avisos y tableros. | H35: =L35/$G$9 -> 0.000345 | I35: Ind y Com. | L35: =+(L33+L34)*3% -> 24544.242
C36: TOTAL GASTOS ADMINISTRACIÓN | H36: =ROUND(+M36/$G$8,2) -> 0.28 | M36: =ROUND(SUM(M13:M35),0) -> 14802256 | N36: =ROUND(+M36/G8,2) -> 0.28 | P36: =+N13+N17+N23+N27 -> 0.27880606 | Q36: =ROUND(N36*G8,0) -> 14865645
B37: 3 | C37: IMPREVISTOS | H37: 0.01 | M37: =ROUND(+H37*G8,0) -> 530916 | N37: =+M37/G8 -> 0.010000002 | Q37: =+Q36+M37+M38 -> 18051140
B38: 4 | C38: UTILIDAD | H38: 0.05 | M38: =ROUND(+H38*G8,0) -> 2654579 | N38: =+M38/G8 -> 0.049999992 | Q38: =+Q37+G8 -> 71142729
C39: TOTAL A.I.U. | H39: =H36+H37+H38 -> 0.34 | M39: =ROUND(+M38+M37+M36,0) -> 17987751 | Q39: =ROUND(M39+G8,0) -> 71079340
C42: Proyectó: | D42: FRANCISCO EFRAIN TUAY JARAMILLO | K42: Revisó/Aprobó: | L42: MÓNICA YULIETH RODRÍGUEZ TORRES
D43: Profesional de apoyo contratado S.P.O.P | L43: Secretaria de Planeacion y Obras Publicas

Sheet APU 1
A1: Formulario 1 - Propuesta económica - Documento tipo de selección abreviada de menor cuantía - versión 2
A2: Código | B2: CCE-EICP-FM-25 | C2: Versión | D2: 2
A3: [La entidad podrá utilizar este formato para la presentación de los análisis de precios unitarios el contratista en la oportunidad prevista en el numeral 8.1. del Documento Base]
B6: ALCALDIA MUNICIPAL DE SABANALARGA
J7: VERSIÓN
B8: [NÚMERO DEL PROCESO]
J9: PÁGINA | K9: 1 | L9: DE | M9: 1
B11: ANALISIS DE PRECIOS UNITARIOS
J13: FECHA | K13: DD | L13: MM | M13: AA
L14: 8 | M14: 2026
A15: ITEMS DE LA PROPUESTA ECONÓMICA | G15: ITEMS NO PREVISTOS
A19: DATOS ESPECÍFICOS
A21: ITEM | B21: DESCRIPCIÓN | K21: UNIDAD | M21: CANTIDAD
A22: =+'PRESUPUESTO OFICIAL'!B12 -> 1.1 | B22: =+'PRESUPUESTO OFICIAL'!E12 -> Demolicion andenes, sardineles y cunetas (Incluye: Retiro) | K22: =+'PRESUPUESTO OFICIAL'!F12 -> M3
A23: I. EQUIPO
A26: DESCRIPCIÓN | F26: MARCA | H26: TIPO | J26: TARIFA/HORA | K26: RENDIMIENTO | M26: Vr. UNITARIO
A27: Herramienta menor 10% M.O. AA | H27: HR | J27: 4108 | K27: 1.5 | M27: =J27*K27 -> 6162
A28: Compresor 250 Lb cpm (1 martillo Neumatico) | H28: HR | J28: 91950 | K28: 1.5 | M28: =J28*K28 -> 137925
A29: Volqueta (6 m3) | H29: HR | J29: 99170 | K29: 0.1136 | M29: =J29*K29 -> 11265.712
A30: SUBTOTAL $ | M30: =SUM(M27:M29) -> 155352.71
A31: II. MATERIALES
A34: DESCRIPCIÓN | I34: UNIDAD | J34: CANTIDAD | K34: PRECIO UNIT. | M34: Vr. UNITARIO
M35: =J35*K35 -> 0
M36: =J36*K36 -> 0
A37: SUBTOTAL $ | M37: =SUM(M35:M36) -> 0
A38: III. TRANSPORTES
A41: MATERIAL | H41: VOL. o PESO | I41: DISTANCIA | J41: M3 o Ton/Km | K41: TARIFA | M41: Vr. UNITARIO
M42: =I42*K42 -> 0
M43: =I43*K43 -> 0
A44: SUBTOTAL $ | M44: =SUM(M42:M43) -> 0
A45: IV. MANO DE OBRA
A48: TRABAJADOR | H48: JORNAL | I48: PRESTACIONES | J48: JORNAL TOTAL | K48: RENDIMIENTO | M48: Vr. UNITARIO
A49: Cuadrilla AA (Albañileria) | H49: HR | J49: 41075 | K49: 1.5 | M49: =J49*K49 -> 61612.5
M50: =J50*K50 -> 0
M51: =J51*K51 -> 0
M52: =J52*K52 -> 0
A53: SUBTOTAL $ | M53: =SUM(M49:M52) -> 61612.5
A55: TOTAL COSTO DIRECTO $ | M55: =ROUND(M30+M37+M44+M53,0) -> 216965
A56: V. COSTOS INDIRECTOS
A59: Descripción | J59: Porcentaje | K59: Valor Total
A60: ADMINISTRACION | J60: 0.28 | K60: =+M55 -> 216965 | M60: =J60*K60 -> 60750.2
A61: IMPREVISTOS | J61: 0.01 | K61: =+M55 -> 216965 | M61: =J61*K61 -> 2169.65
A62: UTILIDAD | J62: 0.05 | K62: =+M55 -> 216965 | M62: =J62*K62 -> 10848.25
A63: SUBTOTAL $ | M63: =ROUND(SUM(M60:M62),0) -> 73768
A65: Precio Unitario Total Aproximado al peso $ | M65: =M55+M63 -> 290733
F69: Firma
F70: Nombre: | G70: FRANCISCO EFRAIN TUAY JARAMILLO
F71: Profesional de Apoyo S.P.O.P
A74: OBSERVACIONES INTERVENTORÍA
A78: APROBACIÓN POR INTERVENTORÍA
A79: Nota 1: Cuando se trate de Análisis de precios unitarios correspondientes a ítems de la propuesta económica aprobada, el Interventor aprueba el desglose de los componentes manteniendo el mismo precio unitario de cada ítem, cumpliendo con las especificaciones de construcción vigentes para el proyecto.
A81: Nota 2: Cuando se trate de Análisis de precios unitarios de ítems no previstos, el Interventor aprueba el desglose y precio unitario de cada ítem no previsto, exigiendo la aplicación de los costos correspondientes a insumos y tarifas de la propuesta económica inicial cuando estén contemplados, cumpliendo con las especificaciones de construcción vigente para el proyecto.
F84: Firma
F85: Nombre: | G85: MONICA YULIETH RODRIGUEZ TORRES
F86: Secretaria de Planeación y Obras Públicas
A90: Formulario 1 - Propuesta económica - Documento tipo de selección abreviada de menor cuantía - versión 2
A91: Código | B91: CCE-EICP-FM-25 | C91: Versión | D91: 2
A92: [La entidad podrá utilizar este formato para la presentación de los análisis de precios unitarios el contratista en la oportunidad prevista en el numeral 8.1. del Documento Base]
B95: ALCALDIA MUNICIPAL DE SABANALARGA
J96: VERSIÓN
B97: [NÚMERO DEL PROCESO]
J98: PÁGINA | K98: 1 | L98: DE | M98: 1
B100: ANALISIS DE PRECIOS UNITARIOS
J102: FECHA | K102: DD | L102: MM | M102: AA
L103: 8 | M103: 2026
A104: ITEMS DE LA PROPUESTA ECONÓMICA | G104: ITEMS NO PREVISTOS
A108: DATOS ESPECÍFICOS
A110: ITEM | B110: DESCRIPCIÓN | K110: UNIDAD | M110: CANTIDAD
A111: =+'PRESUPUESTO OFICIAL'!B13 -> 1.2 | B111: =+'PRESUPUESTO OFICIAL'!E13 -> Replanteo mano de obra "Arquitectonico" | K111: =+'PRESUPUESTO OFICIAL'!F13 -> M2
A112: I. EQUIPO
A115: DESCRIPCIÓN | F115: MARCA | H115: TIPO | J115: TARIFA/HORA | K115: RENDIMIENTO | M115: Vr. UNITARIO
A116: Herramienta menor 10% M.O. AA | H116: HR | J116: 4108 | K116: 0.1649 | M116: =J116*K116 -> 677.4092
M117: =J117*K117 -> 0
M118: =J118*K118 -> 0
A119: SUBTOTAL $ | M119: =SUM(M116:M118) -> 677.4092
A120: II. MATERIALES
A123: DESCRIPCIÓN | I123: UNIDAD | J123: CANTIDAD | K123: PRECIO UNIT. | M123: Vr. UNITARIO
A124: Hilo para albañilería en polipropileno | I124: ML | J124: 0.5 | K124: 93 | M124: =J124*K124 -> 46.5
A125: Puntilla con cabeza 1" | I125: LB | J125: 0.01 | K125: 6488 | M125: =J125*K125 -> 64.88
A126: Estaca de madera h=0.50-0.60m * A= 4-5 cm | I126: UND | J126: 0.5 | K126: 1415 | M126: =J126*K126 -> 707.5
M127: =J127*K127 -> 0
A128: SUBTOTAL $ | M128: =SUM(M124:M127) -> 818.88
A129: III. TRANSPORTES
A132: MATERIAL | H132: VOL. o PESO | I132: DISTANCIA | J132: M3 o Ton/Km | K132: TARIFA | M132: Vr. UNITARIO
M133: =I133*K133 -> 0
M134: =I134*K134 -> 0
A135: SUBTOTAL $ | M135: =SUM(M133:M134) -> 0
A136: IV. MANO DE OBRA
A139: TRABAJADOR | H139: JORNAL | I139: PRESTACIONES | J139: JORNAL TOTAL | K139: RENDIMIENTO | M139: Vr. UNITARIO
A140: Cuadrilla AA (Albañileria) | H140: HR | J140: 41075 | K140: 0.1649 | M140: =J140*K140 -> 6773.2675
M141: =J141*K141 -> 0
M142: =J142*K142 -> 0
M143: =J143*K143 -> 0
A144: SUBTOTAL $ | M144: =SUM(M140:M143) -> 6773.2675
A146: TOTAL COSTO DIRECTO $ | M146: =ROUND(M119+M128+M135+M144,0) -> 8270
A147: V. COSTOS INDIRECTOS
A150: Descripción | J150: Porcentaje | K150: Valor Total
A151: ADMINISTRACION | J151: 0.28 | K151: =+M146 -> 8270 | M151: =J151*K151 -> 2315.6
A152: IMPREVISTOS | J152: 0.01 | K152: =+M146 -> 8270 | M152: =J152*K152 -> 82.7
A153: UTILIDAD | J153: 0.05 | K153: =+M146 -> 8270 | M153: =J153*K153 -> 413.5
...

Sheet APU2
A1: Formulario 1 - Propuesta económica - Documento tipo de selección abreviada de menor cuantía - versión 2
A2: Código | B2: CCE-EICP-FM-25 | C2: Versión | D2: 2
A3: [La entidad podrá utilizar este formato para la presentación de los análisis de precios unitarios el contratista en la oportunidad prevista en el numeral 8.1. del Documento Base]
B6: ALCALDIA MUNICIPAL DE SABANALARGA
J7: VERSIÓN
B8: [NÚMERO DEL PROCESO]
J9: PÁGINA | K9: 1 | L9: DE | M9: 1
B11: ANALISIS DE PRECIOS UNITARIOS
J13: FECHA | K13: DD | L13: MM | M13: AA
L14: 8 | M14: 2026
A15: ITEMS DE LA PROPUESTA ECONÓMICA | G15: ITEMS NO PREVISTOS
A19: DATOS ESPECÍFICOS
A21: ITEM | B21: DESCRIPCIÓN | K21: UNIDAD | M21: CANTIDAD
A22: 3.1 | B22: =+'PRESUPUESTO OFICIAL'!E12 -> Demolicion andenes, sardineles y cunetas (Incluye: Retiro) | K22: =+'PRESUPUESTO OFICIAL'!F12 -> M3
A23: I. EQUIPO
A26: DESCRIPCIÓN | F26: MARCA | H26: TIPO | J26: TARIFA/HORA | K26: RENDIMIENTO | M26: Vr. UNITARIO
A27: Herramienta menor 10% M.O. AA | H27: HR | J27: 4108 | K27: 1.5 | M27: =J27*K27 -> 6162
A28: Compresor 250 Lb cpm (1 martillo Neumatico) | H28: HR | J28: 91950 | K28: 1.5 | M28: =J28*K28 -> 137925
A29: Volqueta (6 m3) | H29: HR | J29: 99170 | K29: 0.1136 | M29: =J29*K29 -> 11265.712
A30: SUBTOTAL $ | M30: =SUM(M27:M29) -> 155352.71
A31: II. MATERIALES
A34: DESCRIPCIÓN | I34: UNIDAD | J34: CANTIDAD | K34: PRECIO UNIT. | M34: Vr. UNITARIO
M35: =J35*K35 -> 0
M36: =J36*K36 -> 0
A37: SUBTOTAL $ | M37: =SUM(M35:M36) -> 0
A38: III. TRANSPORTES
A41: MATERIAL | H41: VOL. o PESO | I41: DISTANCIA | J41: M3 o Ton/Km | K41: TARIFA | M41: Vr. UNITARIO
M42: =I42*K42 -> 0
M43: =I43*K43 -> 0
A44: SUBTOTAL $ | M44: =SUM(M42:M43) -> 0
A45: IV. MANO DE OBRA
A48: TRABAJADOR | H48: JORNAL | I48: PRESTACIONES | J48: JORNAL TOTAL | K48: RENDIMIENTO | M48: Vr. UNITARIO
A49: Cuadrilla AA (Albañileria) | H49: HR | J49: 41075 | K49: 1.5 | M49: =J49*K49 -> 61612.5
M50: =J50*K50 -> 0
M51: =J51*K51 -> 0
M52: =J52*K52 -> 0
A53: SUBTOTAL $ | M53: =SUM(M49:M52) -> 61612.5
A55: TOTAL COSTO DIRECTO $ | M55: =ROUND(M30+M37+M44+M53,0) -> 216965
A56: V. COSTOS INDIRECTOS
A59: Descripción | J59: Porcentaje | K59: Valor Total
A60: ADMINISTRACION | J60: 0.28 | K60: =+M55 -> 216965 | M60: =J60*K60 -> 60750.2
A61: IMPREVISTOS | J61: 0.01 | K61: =+M55 -> 216965 | M61: =J61*K61 -> 2169.65
A62: UTILIDAD | J62: 0.05 | K62: =+M55 -> 216965 | M62: =J62*K62 -> 10848.25
A63: SUBTOTAL $ | M63: =ROUND(SUM(M60:M62),0) -> 73768
A65: Precio Unitario Total Aproximado al peso $ | M65: =M55+M63 -> 290733
F69: Firma
F70: Nombre: | G70: FRANCISCO EFRAIN TUAY JARAMILLO
F71: Profesional de Apoyo S.P.O.P
A74: OBSERVACIONES INTERVENTORÍA
A78: APROBACIÓN POR INTERVENTORÍA
A79: Nota 1: Cuando se trate de Análisis de precios unitarios correspondientes a ítems de la propuesta económica aprobada, el Interventor aprueba el desglose de los componentes manteniendo el mismo precio unitario de cada ítem, cumpliendo con las especificaciones de construcción vigentes para el proyecto.
A81: Nota 2: Cuando se trate de Análisis de precios unitarios de ítems no previstos, el Interventor aprueba el desglose y precio unitario de cada ítem no previsto, exigiendo la aplicación de los costos correspondientes a insumos y tarifas de la propuesta económica inicial cuando estén contemplados, cumpliendo con las especificaciones de construcción vigente para el proyecto.
F84: Firma
F85: Nombre: | G85: MONICA YULIETH RODRIGUEZ TORRES
F86: Secretaria de Planeación y Obras Públicas
A89: Formulario 1 - Propuesta económica - Documento tipo de selección abreviada de menor cuantía - versión 2
A90: Código | B90: CCE-EICP-FM-25 | C90: Versión | D90: 2
A91: [La entidad podrá utilizar este formato para la presentación de los análisis de precios unitarios el contratista en la oportunidad prevista en el numeral 8.1. del Documento Base]
B94: ALCALDIA MUNICIPAL DE SABANALARGA
J95: VERSIÓN
B96: [NÚMERO DEL PROCESO]
J97: PÁGINA | K97: 1 | L97: DE | M97: 1
B99: ANALISIS DE PRECIOS UNITARIOS
J101: FECHA | K101: DD | L101: MM | M101: AA
L102: 8 | M102: 2026
A103: ITEMS DE LA PROPUESTA ECONÓMICA | G103: ITEMS NO PREVISTOS
A107: DATOS ESPECÍFICOS
A109: ITEM | B109: DESCRIPCIÓN | K109: UNIDAD | M109: CANTIDAD
A110: 3.2 | B110: =+'PRESUPUESTO OFICIAL'!E13 -> Replanteo mano de obra "Arquitectonico" | K110: =+'PRESUPUESTO OFICIAL'!F13 -> M2
A111: I. EQUIPO
A114: DESCRIPCIÓN | F114: MARCA | H114: TIPO | J114: TARIFA/HORA | K114: RENDIMIENTO | M114: Vr. UNITARIO
A115: Herramienta menor 10% M.O. AA | H115: HR | J115: 4108 | K115: 0.1649 | M115: =J115*K115 -> 677.4092
M116: =J116*K116 -> 0
M117: =J117*K117 -> 0
A118: SUBTOTAL $ | M118: =SUM(M115:M117) -> 677.4092
A119: II. MATERIALES
A122: DESCRIPCIÓN | I122: UNIDAD | J122: CANTIDAD | K122: PRECIO UNIT. | M122: Vr. UNITARIO
A123: Hilo para albañilería en polipropileno | I123: ML | J123: 0.5 | K123: 93 | M123: =J123*K123 -> 46.5
A124: Puntilla con cabeza 1" | I124: LB | J124: 0.01 | K124: 6488 | M124: =J124*K124 -> 64.88
A125: Estaca de madera h=0.50-0.60m * A= 4-5 cm | I125: UND | J125: 0.5 | K125: 1415 | M125: =J125*K125 -> 707.5
M126: =J126*K126 -> 0
A127: SUBTOTAL $ | M127: =SUM(M123:M126) -> 818.88
A128: III. TRANSPORTES
A131: MATERIAL | H131: VOL. o PESO | I131: DISTANCIA | J131: M3 o Ton/Km | K131: TARIFA | M131: Vr. UNITARIO
M132: =I132*K132 -> 0
M133: =I133*K133 -> 0
A134: SUBTOTAL $ | M134: =SUM(M132:M133) -> 0
A135: IV. MANO DE OBRA
A138: TRABAJADOR | H138: JORNAL | I138: PRESTACIONES | J138: JORNAL TOTAL | K138: RENDIMIENTO | M138: Vr. UNITARIO
A139: Cuadrilla AA (Albañileria) | H139: HR | J139: 41075 | K139: 0.1649 | M139: =J139*K139 -> 6773.2675
M140: =J140*K140 -> 0
M141: =J141*K141 -> 0
M142: =J142*K142 -> 0
A143: SUBTOTAL $ | M143: =SUM(M139:M142) -> 6773.2675
A145: TOTAL COSTO DIRECTO $ | M145: =ROUND(M118+M127+M134+M143,0) -> 8270
A146: V. COSTOS INDIRECTOS
A149: Descripción | J149: Porcentaje | K149: Valor Total
A150: ADMINISTRACION | J150: 0.28 | K150: =+M145 -> 8270 | M150: =J150*K150 -> 2315.6
A151: IMPREVISTOS | J151: 0.01 | K151: =+M145 -> 8270 | M151: =J151*K151 -> 82.7
A152: UTILIDAD | J152: 0.05 | K152: =+M145 -> 8270 | M152: =J152*K152 -> 413.5
...

Sheet TRANSPORTE DE MATERIALES
A1: Formulario 1 - Propuesta económica - Documento tipo de selección abreviada de menor cuantía - versión 2
A2: Código | B2: CCE-EICP-FM-25 | C2: Versión | D2: 2
A3: [La entidad podrá utilizar este formato para la presentación de los análisis de precios unitarios el contratista en la oportunidad prevista en el numeral 8.1. del Documento Base]
B6: ALCALDIA MUNICIPAL DE SABANALARGA
J7: VERSIÓN
B8: [NÚMERO DEL PROCESO]
J9: PÁGINA | K9: 1 | L9: DE | M9: 1
B11: ANALISIS DE PRECIOS UNITARIOS
J13: FECHA | K13: DD | L13: MM | M13: AA
L14: 8 | M14: 2026
A15: ITEMS DE LA PROPUESTA ECONÓMICA | G15: ITEMS NO PREVISTOS
A19: DATOS ESPECÍFICOS
A21: ITEM | B21: DESCRIPCIÓN | K21: UNIDAD | M21: CANTIDAD
A22: ANA | B22: Transporte de material (triturado) - m³ | K22: M3
A23: I. EQUIPO
A26: DESCRIPCIÓN | F26: MARCA | H26: TIPO | J26: TARIFA/HORA | K26: RENDIMIENTO | M26: Vr. UNITARIO
M27: =J27*K27 -> 0
M28: =J28*K28 -> 0
M29: =J29*K29 -> 0
A30: SUBTOTAL $ | M30: =SUM(M27:M29) -> 0
A31: II. MATERIALES
A34: DESCRIPCIÓN | I34: UNIDAD | J34: CANTIDAD | K34: PRECIO UNIT. | M34: Vr. UNITARIO
M35: =J35*K35 -> 0
M36: =J36*K36 -> 0
M37: =J37*K37 -> 0
M38: =J38*K38 -> 0
A39: SUBTOTAL $ | M39: =SUM(M35:M38) -> 0
A40: III. TRANSPORTES
A43: MATERIAL | H43: VOL. o PESO | I43: DISTANCIA | J43: M3 o Ton/Km | K43: TARIFA | M43: Vr. UNITARIO
A44: Transporte por volumen en via (sin pavimentada) | J44: M3-KM | M44: =I44*K44 -> 0
A45: Transporte por volumen en via (pavimentada) | I45: 9.4 | J45: M3-KM | K45: 2110 | M45: =I45*K45 -> 19834
A46: Transporte por volumen en via (sin pav-montaña) | J46: M3-KM | M46: =I46*K46 -> 0
M47: =I47*K47 -> 0
A48: SUBTOTAL $ | M48: =SUM(M44:M47) -> 19834
A49: IV. MANO DE OBRA
A52: TRABAJADOR | H52: JORNAL | I52: PRESTACIONES | J52: JORNAL TOTAL | K52: RENDIMIENTO | M52: Vr. UNITARIO
M53: =J53*K53 -> 0
M54: =J54*K54 -> 0
A55: SUBTOTAL $ | M55: =SUM(M53:M54) -> 0
A57: TOTAL COSTO DIRECTO $ | M57: =ROUND(M30+M39+M48+M55,0) -> 19834
A58: V. COSTOS INDIRECTOS
A61: Descripción | J61: Porcentaje | K61: Valor Total
A62: ADMINISTRACION
A63: IMPREVISTOS
A64: UTILIDAD
A65: SUBTOTAL $ | M65: =SUM(M62:M64) -> 0
A67: Precio Unitario Total Aproximado al peso $ | M67: =M57+M65 -> 19834
F71: Firma
F72: Nombre: | G72: FRANCISCO EFRAIN TUAY JARAMILLO
F73: Profesional de Apoyo S.P.O.P
A76: OBSERVACIONES INTERVENTORÍA
A78: APROBACIÓN POR INTERVENTORÍA
A79: Nota 1: Cuando se trate de Análisis de precios unitarios correspondientes a ítems de la propuesta económica aprobada, el Interventor aprueba el desglose de los componentes manteniendo el mismo precio unitario de cada ítem, cumpliendo con las especificaciones de construcción vigentes para el proyecto.
A81: Nota 2: Cuando se trate de Análisis de precios unitarios de ítems no previstos, el Interventor aprueba el desglose y precio unitario de cada ítem no previsto, exigiendo la aplicación de los costos correspondientes a insumos y tarifas de la propuesta económica inicial cuando estén contemplados, cumpliendo con las especificaciones de construcción vigente para el proyecto.
F84: Firma
F85: Nombre: | G85: MONICA YULIETH RODRIGUEZ TORRES
F86: Secretaria de Planeación y Obras Públicas
A87: Formulario 1 - Propuesta económica - Documento tipo de selección abreviada de menor cuantía - versión 2
A88: Código | B88: CCE-EICP-FM-25 | C88: Versión | D88: 2
A89: [La entidad podrá utilizar este formato para la presentación de los análisis de precios unitarios el contratista en la oportunidad prevista en el numeral 8.1. del Documento Base]
B92: ALCALDIA MUNICIPAL DE SABANALARGA
J93: VERSIÓN
B94: [NÚMERO DEL PROCESO]
J95: PÁGINA | K95: 1 | L95: DE | M95: 1
B97: ANALISIS DE PRECIOS UNITARIOS
J99: FECHA | K99: DD | L99: MM | M99: AA
L100: 8 | M100: 2026
A101: ITEMS DE LA PROPUESTA ECONÓMICA | G101: ITEMS NO PREVISTOS
A105: DATOS ESPECÍFICOS
A107: ITEM | B107: DESCRIPCIÓN | K107: UNIDAD | M107: CANTIDAD
A108: ANA | B108: Transporte de materiales (arena, piedra, comun, tierra) - m³ | K108: M3
A109: I. EQUIPO
A112: DESCRIPCIÓN | F112: MARCA | H112: TIPO | J112: TARIFA/HORA | K112: RENDIMIENTO | M112: Vr. UNITARIO
M113: =J113*K113 -> 0
M114: =J114*K114 -> 0
M115: =J115*K115 -> 0
A116: SUBTOTAL $ | M116: =SUM(M113:M115) -> 0
A117: II. MATERIALES
A120: DESCRIPCIÓN | I120: UNIDAD | J120: CANTIDAD | K120: PRECIO UNIT. | M120: Vr. UNITARIO
M121: =J121*K121 -> 0
M122: =J122*K122 -> 0
M123: =J123*K123 -> 0
M124: =J124*K124 -> 0
A125: SUBTOTAL $ | M125: =SUM(M121:M124) -> 0
A126: III. TRANSPORTES
A129: MATERIAL | H129: VOL. o PESO | I129: DISTANCIA | J129: M3 o Ton/Km | K129: TARIFA | M129: Vr. UNITARIO
A130: Transporte por volumen en via (sin pavimentada) | J130: M3-KM | M130: =I130*K130 -> 0
A131: Transporte por volumen en via (pavimentada) | I131: 9.4 | J131: M3-KM | K131: 2110 | M131: =I131*K131 -> 19834
A132: Transporte por volumen en via (sin pav-montaña) | J132: M3-KM | M132: =I132*K132 -> 0
M133: =I133*K133 -> 0
A134: SUBTOTAL $ | M134: =SUM(M130:M133) -> 19834
A135: IV. MANO DE OBRA
A138: TRABAJADOR | H138: JORNAL | I138: PRESTACIONES | J138: JORNAL TOTAL | K138: RENDIMIENTO | M138: Vr. UNITARIO
M139: =J139*K139 -> 0
M140: =J140*K140 -> 0
A141: SUBTOTAL $ | M141: =SUM(M139:M140) -> 0
A143: TOTAL COSTO DIRECTO $ | M143: =ROUND(M116+M125+M134+M141,0) -> 19834
A144: V. COSTOS INDIRECTOS
A147: Descripción | J147: Porcentaje | K147: Valor Total
A148: ADMINISTRACION
...

Sheet MEMORIAS 1
D1: DEPARTAMENTO DE CASANARE
D3: MUNICIPIO DE SABANALARGA
D5: MEMORIAS DE CALCULO
A7: OBJETO: | D7: CONSTRUCCIÓN DE ANDENES PEATONALES EN CONCRETO ESTAMPADO EN EL CASCO URBANO DEL MUNICIPIO DE SABANALARGA, DEPARTAMENTO DE CASANARE
A8: =+'PRESUPUESTO OFICIAL'!A11 -> 1. PRELIMINARES - DEMOLICIONES
A9: ITEM | B9: =+'PRESUPUESTO OFICIAL'!B12 -> 1.1 | C9: DESCRIPCIÓN | F9: =+'PRESUPUESTO OFICIAL'!E12 -> Demolicion andenes, sardineles y cunetas (Incluye: Retiro) | I9: CANT. PROGRAMADA | J9: =L19 -> 2.76 | K9: UNIDAD | L9: =+'PRESUPUESTO OFICIAL'!F12 -> M3
A10: DIAGRAMA / ESQUEMA | F10: LOCALIZACION | G10: ANCHO | H10: LARGO | I10: ALTO | J10: AREA | K10: CANTIDAD | L10: TOTAL
F11: ZONA 0- (M-16.5 -M0.00) | G11: 0.35 | H11: 16.5 | I11: 0.05 | L11: =G11*H11*I11 -> 0.28875
F12: (M 0.0- M 104.4) DEMOLICION SUPERFICIAL SARDINELES(ANDEN -CALLE VEHICULAR) | G12: 0.35 | H12: 104.4 | I12: 0.05 | L12: =G12*H12*I12 -> 1.827
F13: PLACA ACCESO A CEMENTERIO | G13: 1.02 | H13: 3.14 | I13: 0.2 | L13: =G13*H13*I13 -> 0.64056
L14: =G14*H14*I14 -> 0
L15: =G15*H15*I15 -> 0
L16: =G16*H16*I16 -> 0
L17: =G17*H17*I17 -> 0
L18: =G18*H18*I18 -> 0
F19: TOTAL | L19: =+ROUND(SUM(L11:L18),2) -> 2.76
A20: NOTA:
A23: Elaboró:
B24: FRANCISCO EFRAIN TUAY JARAMILLO | H24: MONICA YULIETH RODRIGUEZ TORRES
B25: Profesional de Apoyo | H25: Secretaria de Planeacion y obras Publicas
B26: S.P.O.P | H26: Supervisor
D28: DEPARTAMENTO DE CASANARE
D30: MUNICIPIO DE SABANALARGA
D32: MEMORIAS DE CALCULO
A34: OBJETO: | D34: =+D7 -> CONSTRUCCIÓN DE ANDENES PEATONALES EN CONCRETO ESTAMPADO EN EL CASCO URBANO DEL MUNICIPIO DE SABANALARGA, DEPARTAMENTO DE CASANARE
A35: =+'PRESUPUESTO OFICIAL'!A11 -> 1. PRELIMINARES - DEMOLICIONES
A36: ITEM | B36: =+'PRESUPUESTO OFICIAL'!B13 -> 1.2 | C36: DESCRIPCIÓN | F36: =+'PRESUPUESTO OFICIAL'!E13 -> Replanteo mano de obra "Arquitectonico" | I36: CANT. PROGRAMADA | J36: =L46 -> 150.4 | K36: UNIDAD | L36: =+'PRESUPUESTO OFICIAL'!F13 -> M2
A37: DIAGRAMA / ESQUEMA | F37: LOCALIZACION | G37: ANCHO | H37: LARGO | I37: ALTO | J37: AREA | K37: CANTIDAD | L37: TOTAL
F38: ZONA 0- (M-16.5 -M0.00) | J38: 38 | L38: =J38 -> 38
F39: ZONA 1 (M 0.0 - 27.0) | J39: 28.4 | L39: =J39 -> 28.4
F40: ZONA 2 (M27.0- M 104.4) | J40: 84 | L40: =J40 -> 84
L41: =J41 -> 0
L42: =J42 -> 0
L43: =J43 -> 0
L44: =J44 -> 0
L45: =J45 -> 0
F46: TOTAL | L46: =+ROUND(SUM(L38:L45),2) -> 150.4
A48: NOTA:
A51: Elaboró:
B52: FRANCISCO EFRAIN TUAY JARAMILLO | H52: MONICA YULIETH RODRIGUEZ TORRES
B53: Profesional de Apoyo | H53: Secretaria de Planeacion y obras Publicas
B54: S.P.O.P | H54: Supervisor
D56: DEPARTAMENTO DE CASANARE
D58: MUNICIPIO DE SABANALARGA
D60: MEMORIAS DE CALCULO
A62: OBJETO: | D62: =+D34 -> CONSTRUCCIÓN DE ANDENES PEATONALES EN CONCRETO ESTAMPADO EN EL CASCO URBANO DEL MUNICIPIO DE SABANALARGA, DEPARTAMENTO DE CASANARE
A63: =+'PRESUPUESTO OFICIAL'!A11 -> 1. PRELIMINARES - DEMOLICIONES
A64: ITEM | B64: =+'PRESUPUESTO OFICIAL'!B14 -> 1.3 | C64: DESCRIPCIÓN | F64: =+'PRESUPUESTO OFICIAL'!E14 -> Excavacion manual en conglomerado | I64: CANT. PROGRAMADA | J64: =+'PRESUPUESTO OFICIAL'!F14 -> M3 | K64: UNIDAD | L64: =+'PRESUPUESTO OFICIAL'!G14 -> 19.41
A65: DIAGRAMA / ESQUEMA | F65: LOCALIZACION | G65: ANCHO | H65: LARGO | I65: ALTO | J65: AREA | K65: CANTIDAD | L65: TOTAL
F66: ZONA 0- (M-16.5 -M0.00) | I66: 0.15 | J66: 35 | L66: =I66*J66 -> 5.25
F67: ZONA 1 (M 0.0 - 27.0) | I67: 0.15 | J67: 22.4 | L67: =I67*J67 -> 3.36
F68: ZONA 2 (M27.0- M 104.4) | I68: 0.15 | J68: 72 | L68: =I68*J68 -> 10.8
L69: =I69*J69 -> 0
L70: =I70*J70 -> 0
L71: =I71*J71 -> 0
L72: =I72*J72 -> 0
L73: =I73*J73 -> 0
L74: =I74*J74 -> 0
L75: =I75*J75 -> 0
L76: =I76*J76 -> 0
F77: TOTAL | L77: =+ROUND(SUM(L66:L76),2) -> 19.41
A79: NOTA:
A82: Elaboró:
B83: FRANCISCO EFRAIN TUAY JARAMILLO | H83: MONICA YULIETH RODRIGUEZ TORRES
B84: Profesional de Apoyo | H84: Secretaria de Planeacion y obras Publicas
B85: S.P.O.P | H85: Supervisor
D87: DEPARTAMENTO DE CASANARE
D89: MUNICIPIO DE SABANALARGA
D91: MEMORIAS DE CALCULO
A93: OBJETO: | D93: =+D62 -> CONSTRUCCIÓN DE ANDENES PEATONALES EN CONCRETO ESTAMPADO EN EL CASCO URBANO DEL MUNICIPIO DE SABANALARGA, DEPARTAMENTO DE CASANARE
A94: =+'PRESUPUESTO OFICIAL'!A11 -> 1. PRELIMINARES - DEMOLICIONES
A95: ITEM | B95: =+'PRESUPUESTO OFICIAL'!B15 -> 1.4 | C95: DESCRIPCIÓN | F95: =+'PRESUPUESTO OFICIAL'!E15 -> Relleno con base granular seleccionada o clasificada, compactada y transportada | I95: CANT. PROGRAMADA | J95: =L104 -> 38.4 | K95: UNIDAD | L95: =+'PRESUPUESTO OFICIAL'!F15 -> M3
A96: DIAGRAMA / ESQUEMA | F96: LOCALIZACION | G96: ANCHO | H96: LARGO | I96: ALTO | J96: AREA | K96: CANTIDAD | L96: TOTAL
F97: ZONA 0- (M-16.5 -M0.00) | I97: 0.3 | J97: 35 | L97: =I97*J97 -> 10.5
F98: ZONA 1 (M 0.0 - 27.0) | I98: 0.3 | J98: 22 | L98: =I98*J98 -> 6.6
F99: ZONA 2 (M27.0- M 104.4) | I99: 0.3 | J99: 71 | L99: =I99*J99 -> 21.3
L100: =I100*J100 -> 0
L101: =I101*J101 -> 0
L102: =I102*J102 -> 0
L103: =I103*J103 -> 0
F104: TOTAL | L104: =+ROUND(SUM(L97:L103),2) -> 38.4
A106: NOTA:
A109: Elaboró:
B110: FRANCISCO EFRAIN TUAY JARAMILLO | H110: MONICA YULIETH RODRIGUEZ TORRES
B111: Profesional de Apoyo | H111: Secretaria de Planeacion y obras Publicas
B112: S.P.O.P | H112: Supervisor
D114: DEPARTAMENTO DE CASANARE
D116: MUNICIPIO DE SABANALARGA
D118: MEMORIAS DE CALCULO
A120: OBJETO: | D120: =+D93 -> CONSTRUCCIÓN DE ANDENES PEATONALES EN CONCRETO ESTAMPADO EN EL CASCO URBANO DEL MUNICIPIO DE SABANALARGA, DEPARTAMENTO DE CASANARE
A121: =+'PRESUPUESTO OFICIAL'!A11 -> 1. PRELIMINARES - DEMOLICIONES
A122: ITEM | B122: =+'PRESUPUESTO OFICIAL'!B16 -> 1.5 | C122: DESCRIPCIÓN | F122: =+'PRESUPUESTO OFICIAL'!E16 -> Nivelacion de cajas de valvulas para Red de acueducto | I122: CANT. PROGRAMADA | J122: =L134 -> 1 | K122: UNIDAD | L122: =+'PRESUPUESTO OFICIAL'!F16 -> UND
A123: DIAGRAMA / ESQUEMA | F123: LOCALIZACION | G123: ANCHO | H123: LARGO | I123: ALTO | J123: AREA | K123: CANTIDAD | L123: TOTAL
F124: ANDEN ACCESO FRENTE CEMENTERIO | K124: 1 | L124: =K124 -> 1
L125: =K125 -> 0
L126: =K126 -> 0
L127: =K127 -> 0
L128: =K128 -> 0
L129: =K129 -> 0
L130: =K130 -> 0
...

Sheet MEMORIAS 2
D1: DEPARTAMENTO DE CASANARE
D3: MUNICIPIO DE SABANALARGA
D5: MEMORIAS DE CALCULO
A7: OBJETO: | D7: CONSTRUCCIÓN DE ANDENES PEATONALES EN CONCRETO ESTAMPADO EN EL CASCO URBANO DEL MUNICIPIO DE SABANALARGA, DEPARTAMENTO DE CASANARE
A8: =+'PRESUPUESTO OFICIAL'!A27 -> 3. PRELIMINARES - DEMOLICIONES
A9: ITEM | B9: =+'PRESUPUESTO OFICIAL'!B28 -> 3.1 | C9: DESCRIPCIÓN | F9: =+'PRESUPUESTO OFICIAL'!E28 -> Demolicion andenes, sardineles y cunetas (Incluye: Retiro) | I9: CANT. PROGRAMADA | J9: =L26 -> 2.52 | K9: UNIDAD | L9: =+'PRESUPUESTO OFICIAL'!F28 -> M3
A10: DIAGRAMA / ESQUEMA | F10: LOCALIZACION | G10: ANCHO | H10: LARGO | I10: ALTO | J10: AREA | K10: CANTIDAD | L10: TOTAL
F11: TRAMO CALLE 4 ENTRE CARRERAS 5 Y 6 (RAMPA) | I11: 0.15 | J11: 12 | L11: =I11*J11 -> 1.8
F12: CAJA TAPA PARA EL GAS | I12: 0.2 | J12: 0.3 | L12: =I12*J12 -> 0.06
F13: SARDINEL | I13: 0.05 | J13: 13.16 | L13: =I13*J13 -> 0.658
L14: =I14*J14 -> 0
L15: =I15*J15 -> 0
L16: =I16*J16 -> 0
L17: =I17*J17 -> 0
L18: =I18*J18 -> 0
L19: =I19*J19 -> 0
L20: =I20*J20 -> 0
L21: =I21*J21 -> 0
L22: =I22*J22 -> 0
L23: =I23*J23 -> 0
L24: =I24*J24 -> 0
L25: =I25*J25 -> 0
F26: TOTAL | L26: =+ROUND(SUM(L11:L25),2) -> 2.52
A28: NOTA: | C28: Sardinel tiene un largo de 34mt* 0,4mts de ancho = 13,16mts2.La demolicion de la caja superficial es para nivelar dicho elemento con el nivel del piso estampado
A31: Elaboró:
B32: FRANCISCO EFRAIN TUAY JARAMILLO | H32: MONICA YULIETH RODRIGUEZ TORRES
B33: Profesional de Apoyo | H33: Secretaria de Planeacion y obras Publicas
B34: S.P.O.P | H34: Supervisor
D36: DEPARTAMENTO DE CASANARE
D38: MUNICIPIO DE SABANALARGA
D40: MEMORIAS DE CALCULO
A42: OBJETO: | D42: =+D7 -> CONSTRUCCIÓN DE ANDENES PEATONALES EN CONCRETO ESTAMPADO EN EL CASCO URBANO DEL MUNICIPIO DE SABANALARGA, DEPARTAMENTO DE CASANARE
A43: =+'PRESUPUESTO OFICIAL'!A27 -> 3. PRELIMINARES - DEMOLICIONES
A44: ITEM | B44: =+'PRESUPUESTO OFICIAL'!B29 -> 3.2 | C44: DESCRIPCIÓN | F44: =+'PRESUPUESTO OFICIAL'!E29 -> Replanteo mano de obra "Arquitectonico" | I44: CANT. PROGRAMADA | J44: =L61 -> 53 | K44: UNIDAD | L44: =+'PRESUPUESTO OFICIAL'!F29 -> M2
A45: DIAGRAMA / ESQUEMA | F45: LOCALIZACION | G45: ANCHO | H45: LARGO | I45: ALTO | J45: AREA | K45: CANTIDAD | L45: TOTAL
F46: TRAMO CALLE 4 ENTRE CARRERAS 5 Y 6 (M0.0 HASTA M 34.0) | J46: 53 | K46: 1 | L46: =J46*K46 -> 53
L47: =J47*K47 -> 0
L48: =J48*K48 -> 0
L49: =J49*K49 -> 0
L50: =J50*K50 -> 0
L51: =J51*K51 -> 0
L52: =J52*K52 -> 0
L53: =J53*K53 -> 0
L54: =J54*K54 -> 0
L55: =J55*K55 -> 0
L56: =J56*K56 -> 0
L57: =J57*K57 -> 0
L58: =J58*K58 -> 0
... L60: =J60*K60 -> 0
F61: TOTAL | L61: =+ROUND(SUM(L46:L60),2) -> 53
A63: NOTA:
A66: Elaboró:
B67: FRANCISCO EFRAIN TUAY JARAMILLO | H67: MONICA YULIETH RODRIGUEZ TORRES
B68: Profesional de Apoyo | H68: Secretaria de Planeacion y obras Publicas
B69: S.P.O.P | H69: Supervisor
D71: DEPARTAMENTO DE CASANARE
D73: MUNICIPIO DE SABANALARGA
D75: MEMORIAS DE CALCULO
A77: OBJETO: | D77: =+D42 -> CONSTRUCCIÓN DE ANDENES PEATONALES EN CONCRETO ESTAMPADO EN EL CASCO URBANO DEL MUNICIPIO DE SABANALARGA, DEPARTAMENTO DE CASANARE
A78: =+'PRESUPUESTO OFICIAL'!A27 -> 3. PRELIMINARES - DEMOLICIONES
A79: ITEM | B79: =+'PRESUPUESTO OFICIAL'!B30 -> 3.3 | C79: DESCRIPCIÓN | F79: =+'PRESUPUESTO OFICIAL'!E30 -> Relleno con base granular seleccionada o clasificada, compactada y transportada | I79: CANT. PROGRAMADA | J79: =+'PRESUPUESTO OFICIAL'!F14 -> M3 | K79: UNIDAD | L79: =+'PRESUPUESTO OFICIAL'!F30 -> M3
A80: DIAGRAMA / ESQUEMA | F80: LOCALIZACION | G80: ANCHO | H80: LARGO | I80: ALTO | J80: AREA | K80: CANTIDAD | L80: TOTAL
F81: TRAMO CALLE 4 ENTRE CARRERAS 5 Y 6 | G81: 1.42 | H81: 26.9 | I81: 0.25 | J81: =G81*H81*I81 -> 9.5495 | L81: =I81*J81 -> 2.387375
L82: =I82*J82 -> 0
L83: =I83*J83 -> 0
L84: =I84*J84 -> 0
L85: =I85*J85 -> 0
L86: =I86*J86 -> 0
L87: =I87*J87 -> 0
L88: =I88*J88 -> 0
L89: =I89*J89 -> 0
L90: =I90*J90 -> 0
L91: =I91*J91 -> 0
L92: =I92*J92 -> 0
L93: =I93*J93 -> 0
... L95: =I95*J95 -> 0
F96: TOTAL | L96: =+ROUND(SUM(L81:L95),2) -> 2.39
A98: NOTA:
A101: Elaboró:
B102: FRANCISCO EFRAIN TUAY JARAMILLO | H102: MONICA YULIETH RODRIGUEZ TORRES
B103: Profesional de Apoyo | H103: Secretaria de Planeacion y obras Publicas
B104: S.P.O.P | H104: Supervisor
D107: DEPARTAMENTO DE CASANARE
D109: MUNICIPIO DE SABANALARGA
D111: MEMORIAS DE CALCULO
A113: OBJETO: | D113: =+D77 -> CONSTRUCCIÓN DE ANDENES PEATONALES EN CONCRETO ESTAMPADO EN EL CASCO URBANO DEL MUNICIPIO DE SABANALARGA, DEPARTAMENTO DE CASANARE
A114: =+'PRESUPUESTO OFICIAL'!A27 -> 3. PRELIMINARES - DEMOLICIONES
A115: ITEM | B115: =+'PRESUPUESTO OFICIAL'!B31 -> 3.4 | C115: DESCRIPCIÓN | F115: =+'PRESUPUESTO OFICIAL'!E31 -> Nivelacion de cajas de valvulas para Red de acueducto | I115: CANT. PROGRAMADA | J115: =L132 -> 1 | K115: UNIDAD | L115: =+'PRESUPUESTO OFICIAL'!F31 -> UND
A116: DIAGRAMA / ESQUEMA | F116: LOCALIZACION | G116: ANCHO | H116: LARGO | I116: ALTO | J116: AREA | K116: CANTIDAD | L116: TOTAL
F117: ANDEN TRAMO CALLE 4 ENTRE CARRERAS 5 Y 6 | K117: 1 | L117: =K117 -> 1
K118: 0 | L118: =K118 -> 0
L119: =K119 -> 0
L120: =K120 -> 0
L121: =K121 -> 0
L122: =K122 -> 0
L123: =K123 -> 0
L124: =K124 -> 0
L125: =K125 -> 0
L126: =K126 -> 0
L127: =K127 -> 0
...
